 Dungeon Crawl Stone Soup version 0.28-a0-1518-gbe868bca14 (webtiles) character file.

Game seed: 13340242842717502440

273 horus123 the Charlatan (level 6, -5/52 HPs)
             Began as a Naga Artificer on Jan 17, 2022.
             Slain by Pikel (8 damage)
             ... on level 4 of the Dungeon.
             The game lasted 00:10:09 (2527 turns).

horus123 the Charlatan (Naga Artificer)             Turns: 2527, Time: 00:10:10

Health: -5/52      AC:  8    Str: 16    XL:     6   Next: 24%
Magic:  6/6        EV:  9    Int: 11    God:
Gold:   137        SH:  0    Dex: 12    Spells: 5/5 levels left

rFire   . . .      SeeInvis +   h - +3 hand axe (vorpal)
rCold   + . .      Faith    .   (no shield)
rNeg    . . .      Spirit   .   t - +2 leather armour {rC+}
rPois   +          Reflect  .   r - +1 helmet
rElec   .          Harm     .   o - +0 cloak
rCorr   .          Rampage  .   (no gloves)
Will    .....                   (no barding)
Stlth   +.........              (no amulet)
HPRegen 0.17/turn               (no ring)
MPRegen 0.10/turn               (no ring)

@: very slow
A: AC +2, large, see invisible, deformed body, poison resistance, slowness 2,
spit poison 1, naga tail 1
a: Spit Poison


You were on level 4 of the Dungeon.
You visited 1 branch of the dungeon, and saw 4 of its levels.

You collected 137 gold pieces.

Inventory:

Hand Weapons
 a - a +0 club
 h - a +3 vorpal hand axe (weapon)
Missiles
 g - 2 datura-tipped darts
 i - 6 javelins
 j - a throwing net
Armour
 b - a +2 leather armour
 o - a +0 cloak (worn)
 r - a +1 helmet (worn)
 t - a +2 leather armour of cold resistance (worn)
Wands
 c - a wand of flame (8)
 d - a wand of charming (15)
Scrolls
 u - a scroll of vulnerability
 v - a scroll of holy word {unknown}
Potions
 f - 2 potions of invisibility {unknown}
 k - a potion of degeneration {unknown}
 l - a potion of resistance {unknown}
 m - a potion of might {unknown}
 n - a potion of heal wounds {unknown}
 p - 3 potions of curing {unknown}
 q - 2 potions of haste {unknown}
Miscellaneous
 e - a piece from Xom's chessboard (15/15)


   Skills:
 - Level 2.1 Fighting
 + Level 3.1 Axes
 - Level 1.5 Armour
 - Level 0.7 Dodging
 - Level 1.5 Stealth
 - Level 5.4 Evocations


You had 5 spell levels left.
You didn't know any spells.
Your spell library contained the following spells:

 Spells                   Type           Power      Damage    Failure   Level
 Beastly Appendage        Tmut           0%         N/A       41%         1
 Blink                    Tloc           0%         N/A       54%         2
 Ensorcelled Hibernation  Hex/Ice        0%         N/A       54%         2
 Passwall                 Tmut/Erth      0%         N/A       54%         2
 Wereblood                Tmut           0%         N/A       54%         2
 Spider Form              Tmut/Pois      0%         N/A       78%         3
 Swiftness                Air            0%         N/A       78%         3
 Tukima's Dance           Hex            0%         N/A       78%         3
 Anguish                  Hex/Necr       0%         N/A       99%         4
 Manifold Assault         Tloc           0%         N/A       100%        5
 Enfeeble                 Hex            0%         N/A       100%        7
 Storm Form               Tmut/Air       0%         N/A       100%        7


Dungeon Overview and Level Annotations

Branches:
Dungeon (4/15)
 Temple: D:4-7

Altars:

Annotations:
D:4 Pikel


Innate Abilities, Weirdness & Mutations

Your serpentine skin is tough. (AC +2)
You have supernaturally acute eyesight. (SInv)
Armour fits poorly on your strangely shaped body.
Your system is resistant to poisons. (rPois)
You cover ground very slowly.
You can spit poison.
You have a snake-like lower body.


Message History

Blork the orc is almost dead.
You hit the lemure. The lemure closely misses you. Blork the orc misses you.
The lemure barely misses you.
You slash Blork the orc!
You kill Blork the orc!
You hit the lemure. x2; You hit the lemure but do no damage.
You have got your breath back.
The lemure hits you.
The lemure hits you but does no damage. x2
The lemure barely misses you.
Your Axes skill increases to level 3!
You have reached level 6!
Your skin feels tougher.
Found 13 gold pieces.
The lemure hits you. The lemure barely misses you. The lemure hits you.
The lemure barely misses you. The lemure hits you.
Pikel hits you with a +2 whip of electrocution!
The lemure hits you but does no damage. The lemure hits you.
* * * LOW HITPOINT WARNING * * *
Found a stone staircase leading down.
The lemure hits you.
* * * LOW HITPOINT WARNING * * *
Aiming: Spit Poison (1% risk of failure)
Press: ? - help, Q - select action, (/) - cycle Shift-Dir - straight line, f - lemure
Aim: a lemure (50% to hit)
The splash of poison misses the lemure.
The splash of poison hits Pikel!
Pikel is moderately wounded.
The lemure hits you but does no damage.
You closely miss Pikel.
Pikel is moderately wounded.
You hit the lemure. The lemure hits you but does no damage.
Pikel hits you with a +2 whip of electrocution!
* * * LOW HITPOINT WARNING * * *
You slash Pikel! You punch Pikel, but do no damage.
Pikel is severely wounded.
You hit the lemure.
You have got your breath back.
Pikel hits you with a +2 whip of electrocution!
You die...

##.......###.....
####....$...#.......
#................... #
.................... ..
.#..#.#.55..........
...###....###.##...##...
.....$######.......####.
.......##.#......### ##
#....@5.5........#
#.....5K#...#.....#
##...####....##.###
#.>.. #.....### ##..
.....## #.. .....## ##
....## .####


You could see Pikel and 3 lemures.

Vanquished Creatures
  Blork the orc (D:4)
  A scorpion (D:4)
  An orc wizard (D:3)
  4 adders
  2 worms (D:3)
  9 orcs
  5 endoplasms
  4 giant cockroaches
  11 hobgoblins
  6 kobolds
  2 quokkas
  6 ball pythons
  4 bats
  5 frilled lizards
  4 goblins
  6 rats
71 creatures vanquished.

Notes
Turn   | Place    | Note
-------+----------+-------------------------------------------
     0 | D:1      | horus123 the Naga Artificer began the quest for the Orb.
     0 | D:1      | Reached XP level 1. HP: 18/18 MP: 1/1
   119 | D:1      | Reached XP level 2. HP: 13/25 MP: 2/2
   274 | D:1      | Reached skill level 1 in Axes
   848 | D:1      | Found a faded altar of an unknown god.
   852 | D:1      | Reached XP level 3. HP: 29/31 MP: 3/3
  1484 | D:3      | Reached XP level 4. HP: 39/39 MP: 4/4
  1813 | D:3      | Reached skill level 4 in Evocations
  1935 | D:3      | Reached XP level 5. HP: 28/45 MP: 5/5
  2209 | D:4      | Noticed a lemure
  2210 | D:4      | Reached skill level 5 in Evocations
  2232 | D:4      | Noticed a phantom
  2496 | D:4      | Noticed a lemure
  2497 | D:4      | Noticed a lemure
  2501 | D:4      | Noticed a lemure
  2503 | D:4      | Noticed Blork the orc
  2504 | D:4      | Noticed Pikel
  2510 | D:4      | Killed Blork the orc
  2511 | D:4      | Reached XP level 6. HP: 36/52 MP: 6/6
  2527 | D:4      | Slain by Pikel

Illustrated notes

Levels and vault maps discovered:
D:1:      mainiacjoe_arrival_reflecting_pool, layout_rooms,
          hellmonk_ecumenical_altar_leap_of_faith, minmay_crystal_room
D:2:      layout_rooms
D:3:      layout_rooms
D:4:      layout_cave_pools, corexii_hall_statues_i, uniq_pikel,
          uniq_blork_the_orc, uniq_eustachio

Skill      XL: |  1  2  3  4  5 |
---------------+----------------+-----
Axes           | 2 3 |  3.1
Fighting       | 2 |  2.1
Evocations     | 4 5 |  5.4
Armour         | |  1.5
Dodging        | |  0.7
Stealth        | |  1.5

Action                   |  1- 3 |  4- 6 || total
-------------------------+-------+-------++-------
Melee: Hand axe          |    61 |    73 ||   134
       Punch             |     1 |     2 ||     3
 Abil: Spit Poison       |    20 |    15 ||    35
Evoke: Wand              |     7 |       ||     7
  Use: Scroll            |     5 |     5 ||    10
 Stab: Sleeping          |       |     2 ||     2
Armor: Leather armour    |    18 |    63 ||    81
Dodge: Dodged            |    34 |    59 ||    93

Table legend: (Time is in decaauts)
 A = Elapsed time spent in this place.
 B = Non-inter-level travel time spent in this place.
 C = Inter-level travel time spent in this place.
 D = Time resting spent in this place.
 E = Time spent auto-exploring this place.
 F = Levels seen in this place.
 G = Mean time per level.
                   A        B        C        D        E       F      G
               +--------+--------+--------+--------+--------+-----+--------+
         Total |   3114 |   3055 |     59 |    643 |   1523 |   4 |  778.5 |
       Dungeon |   3114 |   3055 |     59 |    643 |   1523 |   4 |  778.5 |
               +--------+--------+--------+--------+--------+-----+--------+

Top non-repeatable levels by time:
     D:1: 1092 daAuts
     D:3: 999 daAuts
     D:2: 607 daAuts
     D:4: 414 daAuts
